 Dungeon Crawl Stone Soup version 0.28.0-53-g5a82cb258f (webtiles) character file.

Game seed: 4092812918439621096

50 Gabide the Charlatan (level 3, 0/29 HPs)
             Began as a Draconian Artificer on Aug 23, 2022.
             Slain by Sigmund
             ... wielding a +0 scythe
              (11 damage)
             ... on level 3 of the Dungeon.
             The game lasted 00:03:32 (2544 turns).

Gabide the Charlatan (Draconian Artificer)          Turns: 2544, Time: 00:03:33

Health: 0/29       AC:  5    Str: 14    XL:     3   Next: 55%
Magic:  3/3        EV: 12    Int: 11    God:
Gold:   89         SH:  0    Dex: 13    Spells: 2/2 levels left

rFire   . . .      SeeInvis +   j - +1 whip (venom)
rCold   . . .      Faith    .   (no shield)
rNeg    . . .      Spirit   .   (armour unavailable)
rPois   .          Reflect  .   (helmet restricted)
rElec   .          Harm     .   (no cloak)
rCorr   +          Rampage  .   (no gloves)
Will    .....                   (no boots)
Stlth   +.........              (no amulet)
HPRegen 0.09/turn               h - ring of see invisible
MPRegen 0.08/turn               m - ring of resist corrosion

@: confused, hasted, very quick
A: AC +5, unfitting armour, cold-blooded
a: no special abilities


You were on level 3 of the Dungeon.
You visited 1 branch of the dungeon, and saw 3 of its levels.

You collected 89 gold pieces.

Inventory:

Hand Weapons
 j - a +1 whip of venom (weapon)
Missiles
 n - 3 boomerangs
Jewellery
 h - a ring of see invisible (left hand)
 m - a ring of resist corrosion (right hand)
Wands
 b - a wand of flame (14) (quivered)
 c - a wand of charming (15)
Scrolls
 g - a scroll of enchant armour {unknown}
 i - a scroll of fear {unknown}
 l - a scroll of brand weapon {unknown}
 o - a scroll of blinking {unknown}
 p - a scroll of noise {unknown}
Potions
 a - a potion of mutation
 e - a potion of curing {unknown}
 f - a potion of flight
 k - a potion of haste
Miscellaneous
 d - a piece from Xom's chessboard (15/15)


   Skills:
 - Level 2.0 Fighting
 * Level 0.9 Maces & Flails
 + Level 2.7 Dodging
 - Level 1.0 Stealth
 + Level 3.5 Evocations


You had 2 spell levels left.
You didn't know any spells.
Your spell library contained the following spells:

 Spells                   Type           Power      Damage    Failure   Level
 Ensorcelled Hibernation  Hex/Ice        0%         N/A       47%         2
 Passwall                 Tmut/Erth      0%         N/A       47%         2
 Swiftness                Air            0%         N/A       71%         3


Dungeon Overview and Level Annotations

Branches:
Dungeon (3/15)

Altars:
Dithmenos

Annotations:
D:3 Sigmund


Innate Abilities, Weirdness & Mutations

Your plain brown scales are hard. (AC +5)
You cannot fit into any form of body armour.
You are cold-blooded and may be slowed by cold attacks.


Message History

You hit the rat.
You kill the rat!
Sigmund the Dreaded comes into view.
He is wielding a +0 scythe.
Sigmund shouts!
Sigmund is nearby!
Sigmund casts a spell at you. The magic dart hits you!
You hit Sigmund but do no damage.
Sigmund is poisoned.
Sigmund hits you but does no damage.
You barely miss Sigmund. You closely miss Sigmund.
Sigmund points at you and mumbles some strange words.
You are confused.
You are too confused!
You are too confused!
You are too confused!
You are too confused!
You are too confused!
You are too confused!
You are too confused!
You are too confused!
You are too confused!
You are too confused!
You are too confused!
You are too confused!
You are too confused!
You are too confused!
You are too confused!
You are too confused!
You are too confused!
You feel yourself speed up. Sigmund hits you with a +0 scythe!
You bump into the rock wall.
You closely miss Sigmund.
Sigmund is lightly wounded.
Sigmund hits you but does no damage.
You bump into the rock wall.
You bump into the rock wall.
Sigmund hits you with a +0 scythe.
You bump into the rock wall.
You're too confused to move!
Sigmund hits you with a +0 scythe!
You die...

####### ..#
#..†..# #.#
#.###.# #.#
#.###.##### #.#
#.#........ #.#
#.#.#>##### #.#
#.#.#...... #@#
#.#.####### #@#
#.#.# #.######.#.#
###
#..........#####..
#####............#
#####.##.#####....
.......<...# #.###
#####.##.#.# #.#
#.##.#.# #.#
#.##.# # #.#


You could see Sigmund (poisoned).

Vanquished Creatures
  A gnoll (D:1)
  A dart slug (D:2)
  3 endoplasms
  2 giant cockroaches (D:1)
  2 goblins
  4 hobgoblins
  2 jackals (D:2)
  6 kobolds
  2 quokkas
  5 ball pythons
  A frilled lizard (D:1)
  6 rats
35 creatures vanquished.

Notes
Turn   | Place    | Note
-------+----------+-------------------------------------------
     0 | D:1      | Gabide the Draconian Artificer began the quest for the Orb.
     0 | D:1      | Reached XP level 1. HP: 16/16 MP: 1/1
   114 | D:1      | Reached skill level 1 in Stealth
   497 | D:1      | Reached XP level 2. HP: 6/23 MP: 2/2
  1406 | D:1      | Reached XP level 3. HP: 29/29 MP: 3/3
  1789 | D:2      | Found a shadowy altar of Dithmenos.
  2532 | D:3      | Noticed Sigmund
  2544 | D:3      | Slain by Sigmund

Illustrated notes

Levels and vault maps discovered:
D:1:      roderic_dead_forest, layout_loops_corners
D:2:      layout_rooms, basic_altar, small_statue_intersection,
          minmay_split_cup_small
D:3:      layout_loops_ring, serial_shops, shop,
          dreamdust_ecumenical_altar_grove, uniq_sigmund

Skill      XL: |  1  2 |
---------------+-------+-----
Stealth        | 1 |  1.0
Fighting       | 2 |  2.0
Maces & Flails | |  0.9
Dodging        | |  2.7
Evocations     | |  3.5

Action                   || total
-------------------------++-------
Melee: Club              ||    48
       Tailslap          ||    12
       Spear             ||    38
       Punch             ||     1
       Whip              ||    33
Evoke: Wand              ||     1
  Use: Scroll            ||     3
       Potion            ||     1
Armor: Skin              ||    30
Dodge: Dodged            ||    74
